Devils vs Capitals
Created - April 9, 2019 at 19:02
Goals
|
| Devils |
0 |
3 |
1 |
0 |
0 |
4 |
| Capitals |
0 |
2 |
2 |
0 |
2 |
5 |
|
Shots
|
| Devils |
13 |
13 |
9 |
0 |
2 |
35 |
| Capitals |
4 |
6 |
16 |
0 |
2 |
26 |
|
1st period
No Goal
Penalties :
Mikko Koivu (Was) for Hooking (Minor) at 8:29
2nd period
1. Devils , Gilbert Brule 20 (Phil Kessel 40, Travis Hamonic 24) at 4:00
2. Devils , Sami Lepisto 1 (Tyler Bozak 7) at 10:06
3. Devils , Darroll Powe 2 (Tobias Enstrom 35, Kellan Lain 15) at 14:25
4. Capitals , Ryan Getzlaf 16 (Joe Pavelski 36, Mikko Koivu 25) at 15:27
5. Capitals , Jason Pominville 28 (Joe Thornton 58, Matt Carle 16) at 15:45
Penalties :
Joe Pavelski (Was) for High sticking (Minor) at 12:13
3rd period
6. Capitals , Ondrej Palat 7 (Duncan Keith 23, Mikko Koivu 26) at 2:13
7. Devils , Artemi Panarin 23 (Viktor Arvidsson 28, Sidney Crosby 57) at 3:21
8. Capitals , Blake Wheeler 22 (Mikko Koivu 27) at 10:06
Penalties :
Joey Ryan (Was) for Slashing (Minor) at 11:36, Kellan Lain (NJD) for Delaying the game (Minor) at 16:39
Overtime #1
No Goal
Penalties :
No Penalty
Shootout
Devils, Sidney Crosby - Stopped by Tuukka Rask
Capitals, Jason Pominville - Goal!
Devils, Artemi Panarin - Shot Misses the Net
Capitals, Joe Thornton - Goal!
Penalties :
No Penalty
Goalie Stats
Keith Kinkaid (NJD), 22 saves from 26 shots - (0.846), OTL, 4-6-4, 65:00 minutes
Tuukka Rask (Was), 31 saves from 35 shots - (0.886), W, 36-21-2, 65:00 minutes
Players Stats for Devils
Player Name G A P +/- PIM S H SB GA TA FO MP PP MP PK MP
------------------------------------------------------------------------------------
Alexander Perezhogin 0 0 0 1 0 1 0 0 0 0 0/1 7:31 0:00 0:00
Anthony Stewart 0 0 0 0 0 1 1 0 0 0 0/0 11:45 0:00 0:42
Artemi Panarin 1 0 1 -1 0 3 3 1 0 0 0/1 24:00 3:01 0:26
Brandon Bollig 0 0 0 1 0 0 2 1 0 0 0/0 7:30 0:00 0:19
Darroll Powe 1 0 1 0 0 5 1 0 0 1 8/11 11:08 0:00 0:50
Dmitry Kulikov 0 0 0 -1 0 1 1 2 0 1 0/0 19:26 0:00 0:34
Gilbert Brule 1 0 1 0 0 2 1 0 0 1 2/8 21:02 2:56 0:56
Jaden Schwartz 0 0 0 0 0 0 1 0 0 0 0/0 20:17 2:56 0:45
Kellan Lain 0 1 1 0 2 2 4 0 0 0 1/1 11:59 0:00 0:00
Phil Kessel 0 1 1 0 0 5 1 0 0 0 0/0 20:17 2:56 0:00
Ryan Whitney 0 0 0 1 0 1 1 1 0 0 0/0 13:48 0:00 0:00
Sami Lepisto 1 0 1 1 0 3 1 0 0 1 0/0 17:03 3:08 0:00
Sidney Crosby 0 1 1 -1 0 2 6 0 1 1 13/35 23:04 3:01 0:00
Tobias Enstrom 0 1 1 -2 0 4 0 2 1 1 0/0 26:00 2:49 0:54
Travis Hamonic 0 1 1 0 0 2 2 3 0 1 0/0 28:26 2:49 1:05
Tyler Bozak 0 1 1 1 0 1 3 0 1 0 2/3 7:11 0:00 0:00
Tyler Cuma 0 0 0 1 0 1 0 0 0 0 0/0 25:17 3:08 1:25
Viktor Arvidsson 0 1 1 -1 0 1 1 1 2 0 1/2 22:16 3:01 0:00
Players Stats for Capitals
Player Name G A P +/- PIM S H SB GA TA FO MP PP MP PK MP
------------------------------------------------------------------------------------
Benn Ferriero 0 0 0 -1 0 1 0 0 0 0 0/0 6:31 0:00 0:00
Blake Wheeler 1 0 1 2 0 5 1 0 0 0 0/1 14:29 0:30 1:41
Brent Burns 0 0 0 2 0 1 2 2 1 1 0/0 30:30 0:27 3:15
Dan Girardi 0 0 0 -2 0 0 1 2 0 1 0/0 13:24 0:33 0:00
David Krejci 0 0 0 -1 0 0 1 0 0 0 3/6 9:30 0:37 0:27
Duncan Keith 0 1 1 2 0 1 3 2 0 0 0/0 30:30 0:27 3:15
Jason Pominville 1 0 1 0 0 1 4 0 1 0 5/7 22:59 1:01 3:01
Joe Pavelski 0 1 1 -1 2 0 3 0 2 0 1/1 19:58 0:18 1:07
Joe Thornton 0 1 1 0 0 5 0 1 0 0 15/25 23:06 1:02 3:01
Joey Ryan 0 0 0 -2 2 0 1 2 0 1 0/0 12:51 0:33 0:00
Linus Omark 0 0 0 0 0 0 0 2 0 0 0/1 17:54 0:48 0:00
Matt Carle 0 1 1 0 0 0 3 2 2 0 0/0 21:06 0:59 2:42
Mike Cammalleri 0 0 0 -1 0 2 1 0 0 1 0/0 18:48 0:18 1:05
Mikko Koivu 0 3 3 2 2 2 2 0 0 0 5/12 13:08 0:50 0:00
Ondrej Palat 1 0 1 2 0 3 1 0 0 0 0/0 13:31 0:15 1:32
Ryan Getzlaf 1 0 1 -1 0 1 2 1 0 0 6/9 17:10 0:18 0:00
Scott Parse 0 0 0 -1 0 2 1 0 0 0 0/0 6:41 0:00 0:00
Victor Hedman 0 0 0 0 0 2 0 1 1 1 0/0 21:54 0:59 2:42
3 Stars
1 - Mikko Koivu (Was)
2 - Blake Wheeler (Was)
3 - Ondrej Palat (Was)
Power Play
Devils - 0 on 3 Attempt(s) - 0.00%
Capitals - 0 on 1 Attempt(s) - 0.00%
Penalty Kill
Devils - 1 on 1 Attempt(s) - 100.00%
- Score 0 goal in Penalty Kill
Capitals - 3 on 3 Attempt(s) - 100.00%
- Score 0 goal in Penalty Kill
Team Stat
Devils - Hits : 29 - Faceoff Wins : 27 - Blocked Shots : 11 - Penalty Minutes : 2
Capitals - Hits : 26 - Faceoff Wins : 35 - Blocked Shots : 15 - Penalty Minutes : 6
Official
Referees : Unknown
Linesman : Unknown
Game Notes
No Game Note
Finance
Level 1 -- Attendance: 5531 (92.18%) -- Ticket Income $453,542
Level 2 -- Attendance: 4699 (93.98%) -- Ticket Income $220,853
Level 3 -- Attendance: 2000 (100.00%) -- Ticket Income $64,000
Level 4 -- Attendance: 4000 (100.00%) -- Ticket Income $84,000
Luxury Box -- Attendance: 770 (77.00%) -- Ticket Income $129,360
Game was played at the Verizon Center.
Total Attendance: 17000 (94.44%)
Total Ticket Income: $951,755
Other Income: $142,763
Total Income: $1,094,518
Devils
5 vs 5 Forward
Center Left Wing Right Wing Time % Phy DF OF
1 Sidney Crosby Artemi Panarin Viktor Arvidsson 40 1 2 2
2 Gilbert Brule Jaden Schwartz Phil Kessel 30 1 2 2
3 Darroll Powe Kellan Lain Anthony Stewart 20 1 2 2
4 Tyler Bozak Brandon Bollig Alexander Perezhogin 10 1 2 2
5 vs 5 Defense
Defense Defense Time % Phy DF OF
1 Travis Hamonic Tyler Cuma 40 1 2 2
2 Dmitry Kulikov Tobias Enstrom 30 1 2 2
3 Sami Lepisto Ryan Whitney 20 1 2 2
4 Travis Hamonic Tobias Enstrom 10 1 2 2
PowerPlay Forward
Center Left Wing Right Wing Time % Phy DF OF
1 Sidney Crosby Artemi Panarin Viktor Arvidsson 60 0 2 3
2 Gilbert Brule Jaden Schwartz Phil Kessel 40 0 2 3
PowerPlay Defense
Defense Defense Time % Phy DF OF
1 Tyler Cuma Sami Lepisto 60 1 2 2
2 Travis Hamonic Tobias Enstrom 40 1 2 2
Penalty Kill 4 Players Forward
Center Wing Time % Phy DF OF
1 Gilbert Brule Kellan Lain 60 1 2 2
2 Darroll Powe Artemi Panarin 40 1 2 2
Penalty Kill 4 Players Defense
Defense Defense Time % Phy DF OF
1 Dmitry Kulikov Travis Hamonic 60 1 2 2
2 Tobias Enstrom Tyler Cuma 40 1 2 2
Penalty Kill - 3 Players Forward
Forward Time % Phy DF OF
1 Sidney Crosby 60 1 2 2
2 Darroll Powe 40 1 2 2
Penalty Kill - 3 Players Defense
Defense Defense Time % Phy DF OF
1 Ryan Whitney Travis Hamonic 60 1 2 2
2 Dmitry Kulikov Tobias Enstrom 40 1 2 2
4 vs 4 Forward
Center Wing Time % Phy DF OF
1 Gilbert Brule Phil Kessel 60 1 2 2
2 Sidney Crosby Artemi Panarin 40 1 2 2
4 vs 4 Defense
Defense Defense Time % Phy DF OF
1 Tobias Enstrom Travis Hamonic 60 1 2 2
2 Tyler Cuma Dmitry Kulikov 40 1 2 2
Last Minutes Offensive
Center Left Wing Right Wing Defense Defense
Sidney Crosby Artemi Panarin Phil Kessel Tyler Cuma Tobias Enstrom
Last Minutes Defensive
Center Left Wing Right Wing Defense Defense
Gilbert Brule Jaden Schwartz Kellan Lain Tobias Enstrom Travis Hamonic
Goaltenders
Starting : Keith Kinkaid
Backup : Tyler Weiman
Extra Forwards
Normal : Kellan Lain, Jaden Schwartz, Anthony Stewart - PP : Kellan Lain, Artemi Panarin - PK : Anthony Stewart
Extra Defensemen
Normal : Tobias Enstrom, Ryan Whitney, Tyler Cuma - PP : Tobias Enstrom - PK : Tobias Enstrom, Tyler Cuma
Penalty Shots
Sidney Crosby, Artemi Panarin, Viktor Arvidsson, Phil Kessel, Jaden Schwartz
Scratches
None
Capitals
5 vs 5 Forward
Center Left Wing Right Wing Time % Phy DF OF
1 Joe Thornton Linus Omark Jason Pominville 40 1 2 2
2 Ryan Getzlaf Mike Cammalleri Joe Pavelski 30 1 2 2
3 Mikko Koivu Ondrej Palat Blake Wheeler 20 1 2 2
4 David Krejci Scott Parse Benn Ferriero 10 1 2 2
5 vs 5 Defense
Defense Defense Time % Phy DF OF
1 Brent Burns Duncan Keith 40 1 2 2
2 Victor Hedman Matt Carle 30 1 2 2
3 Dan Girardi Joey Ryan 20 1 2 2
4 Brent Burns Duncan Keith 10 1 2 2
PowerPlay Forward
Center Left Wing Right Wing Time % Phy DF OF
1 Joe Thornton Mike Cammalleri Jason Pominville 60 1 2 2
2 Ryan Getzlaf Linus Omark Joe Pavelski 40 1 2 2
PowerPlay Defense
Defense Defense Time % Phy DF OF
1 Brent Burns Duncan Keith 60 1 2 2
2 Victor Hedman Matt Carle 40 1 2 2
Penalty Kill 4 Players Forward
Center Wing Time % Phy DF OF
1 Jason Pominville Joe Thornton 60 1 2 2
2 Joe Pavelski Blake Wheeler 40 1 2 2
Penalty Kill 4 Players Defense
Defense Defense Time % Phy DF OF
1 Brent Burns Duncan Keith 60 1 2 2
2 Victor Hedman Matt Carle 40 1 2 2
Penalty Kill - 3 Players Forward
Forward Time % Phy DF OF
1 Jason Pominville 60 1 2 2
2 Joe Thornton 40 1 2 2
Penalty Kill - 3 Players Defense
Defense Defense Time % Phy DF OF
1 Brent Burns Duncan Keith 60 1 2 2
2 Victor Hedman Matt Carle 40 1 2 2
4 vs 4 Forward
Center Wing Time % Phy DF OF
1 Jason Pominville Joe Thornton 60 1 2 2
2 Joe Pavelski Blake Wheeler 40 1 2 2
4 vs 4 Defense
Defense Defense Time % Phy DF OF
1 Brent Burns Duncan Keith 60 1 2 2
2 Victor Hedman Matt Carle 40 1 2 2
Last Minutes Offensive
Center Left Wing Right Wing Defense Defense
Joe Thornton Mike Cammalleri Jason Pominville Brent Burns Duncan Keith
Last Minutes Defensive
Center Left Wing Right Wing Defense Defense
Joe Thornton Mike Cammalleri Jason Pominville Brent Burns Duncan Keith
Goaltenders
Starting : Tuukka Rask
Backup : Mike Smith
Extra Forwards
Normal : Mikko Koivu, David Krejci, Ondrej Palat - PP : Mikko Koivu, David Krejci - PK : Ondrej Palat
Extra Defensemen
Normal : Dan Girardi, Joey Ryan, Victor Hedman - PP : Dan Girardi - PK : Joey Ryan, Victor Hedman
Penalty Shots
Jason Pominville, Joe Thornton, Joe Pavelski, Blake Wheeler, Mike Cammalleri
Scratches
Mark Stone (Sprained Left Ankle Injury)
% Time on Ice - Devils
Lines # - Real PCT - Wanted PCT - Time Play
Normal Forward
1 - 38% - 40% - 19:42
2 - 29% - 30% - 15:19
3 - 19% - 20% - 9:52
4 - 14% - 10% - 7:11
Normal Defense
1 - 37% - 40% - 19:21
2 - 33% - 30% - 17:10
3 - 24% - 20% - 12:17
4 - 6% - 10% - 3:16
PP Forward
1 - 51% - 60% - 3:01
2 - 49% - 40% - 2:56
PP Defense
1 - 53% - 60% - 3:08
2 - 47% - 40% - 2:49
PK Forward
1 - 100% - 60% - 1:59
2 - 0% - 40% - 0:00
PK Defense
1 - 55% - 60% - 1:05
2 - 45% - 40% - 0:54
PK3 Forward
1 - 0% - 60%
2 - 0% - 40%
PK3 Defense
1 - 0% - 60%
2 - 0% - 40%
44 Forward
1 - 86% - 60% - 4:17
2 - 14% - 40% - 0:43
44 Defense
1 - 67% - 60% - 3:22
2 - 33% - 40% - 1:38
Last Minute Offensive - 0:00
Last Minute Defensive - 0:00
Total
Forward - 65:00
Defense - 65:00
|
% Time on Ice - Capitals
Lines # - Real PCT - Wanted PCT - Time Play
Normal Forward
1 - 35% - 40% - 18:00
2 - 33% - 30% - 17:18
3 - 20% - 20% - 10:15
4 - 13% - 10% - 6:31
Normal Defense
1 - 41% - 40% - 21:08
2 - 30% - 30% - 15:42
3 - 22% - 20% - 11:27
4 - 7% - 10% - 3:47
PP Forward
1 - 60% - 60% - 1:11
2 - 40% - 40% - 0:48
PP Defense
1 - 50% - 60% - 1:00
2 - 50% - 40% - 0:59
PK Forward
1 - 72% - 60% - 4:16
2 - 28% - 40% - 1:41
PK Defense
1 - 55% - 60% - 3:15
2 - 45% - 40% - 2:42
PK3 Forward
1 - 0% - 60%
2 - 0% - 40%
PK3 Defense
1 - 0% - 60%
2 - 0% - 40%
44 Forward
1 - 75% - 60% - 3:45
2 - 25% - 40% - 1:15
44 Defense
1 - 66% - 60% - 3:17
2 - 34% - 40% - 1:43
Last Minute Offensive - 0:00
Last Minute Defensive - 0:00
Total
Forward - 65:00
Defense - 65:00
|
Play-by-Play
1st period
0:01 of 1st period - Sidney Crosby wins face-off versus Joe Thornton in neutral zone.
0:06 of 1st period - Snap shot by Artemi Panarin.
0:06 of 1st period - Shot Misses the Net.
0:12 of 1st period - Snap shot by Joe Thornton.
0:12 of 1st period - Stopped by Keith Kinkaid with a rebound.
0:14 of 1st period - Snap shot by Jason Pominville.
0:14 of 1st period - Shot Misses the Net.
0:16 of 1st period - Slapshot by Brent Burns.
0:16 of 1st period - Deflect By Joe Thornton.
0:16 of 1st period - Stopped by Keith Kinkaid with a rebound.
0:26 of 1st period - Ryan Getzlaf is hit by Phil Kessel and loses puck.
1:27 of 1st period - Backhand shot by Kellan Lain.
1:27 of 1st period - Shot Blocked by Matt Carle.
1:29 of 1st period - Slapshot by Tobias Enstrom.
1:29 of 1st period - Stopped by Tuukka Rask without a rebound.
1:30 of 1st period - Joe Thornton wins face-off versus Sidney Crosby in Capitals zone.
2:36 of 1st period - Blake Wheeler is hit by Travis Hamonic.
3:02 of 1st period - Wrist shot by Jason Pominville.
3:02 of 1st period - Shot Misses the Net.
3:04 of 1st period - Wrist shot by Duncan Keith.
3:04 of 1st period - Stopped by Keith Kinkaid with a rebound.
3:32 of 1st period - Victor Hedman is hit by Brandon Bollig.
3:54 of 1st period - Darroll Powe is hit by Scott Parse and loses puck.
4:35 of 1st period - Snap shot by Sidney Crosby.
4:35 of 1st period - Shot Misses the Net.
5:33 of 1st period - Duncan Keith is hit by Sidney Crosby.
5:39 of 1st period - Slapshot by Sidney Crosby.
5:39 of 1st period - Shot Blocked by Duncan Keith.
5:45 of 1st period - Sidney Crosby is hit by Jason Pominville and loses puck.
5:56 of 1st period - Matt Carle is hit by Tyler Bozak and loses puck.
6:40 of 1st period - Slapshot by Victor Hedman.
6:40 of 1st period - Stopped by Keith Kinkaid without a rebound.
6:41 of 1st period - Mikko Koivu wins face-off versus Gilbert Brule in Devils zone.
6:52 of 1st period - Snap shot by Phil Kessel.
6:52 of 1st period - Shot Misses the Net.
7:15 of 1st period - Snap shot by Joe Thornton.
7:15 of 1st period - Shot Misses the Net.
7:17 of 1st period - Slapshot by Jason Pominville.
7:17 of 1st period - Shot Blocked by Dmitry Kulikov.
7:19 of 1st period - Snap shot by Victor Hedman.
7:19 of 1st period - Shot Blocked by Tobias Enstrom.
7:37 of 1st period - Snap shot by Tobias Enstrom.
7:37 of 1st period - Stopped by Tuukka Rask without a rebound.
7:38 of 1st period - Joe Thornton wins face-off versus Sidney Crosby in Capitals zone.
7:43 of 1st period - Duncan Keith is hit by Sidney Crosby and loses puck.
8:06 of 1st period - Slapshot by Travis Hamonic.
8:06 of 1st period - Stopped by Tuukka Rask with a rebound.
8:12 of 1st period - Phil Kessel is hit by Ryan Getzlaf and loses puck.
8:22 of 1st period - Off-side.
8:23 of 1st period - Darroll Powe wins face-off versus Mikko Koivu in neutral zone.
8:29 of 1st period - Minor Penalty to Mikko Koivu for Hooking.
8:30 of 1st period - Sidney Crosby wins face-off versus Jason Pominville in Capitals zone.
9:42 of 1st period - Tobias Enstrom is hit by Ondrej Palat.
10:15 of 1st period - Phil Kessel is hit by Joe Pavelski and loses puck.
10:25 of 1st period - Icing by Travis Hamonic.
10:26 of 1st period - Jason Pominville wins face-off versus Gilbert Brule in Devils zone.
10:29 of 1st period - Penalty to Mikko Koivu is over, Mikko Koivu is back on ice.
10:39 of 1st period - Wrist shot by Jason Pominville.
10:39 of 1st period - Deflect By Tobias Enstrom.
10:39 of 1st period - Shot Misses the Net.
10:39 of 1st period - Puck is out of play.
10:40 of 1st period - Ryan Getzlaf wins face-off versus Sidney Crosby in Devils zone.
10:47 of 1st period - Wrist shot by Ryan Getzlaf.
10:47 of 1st period - Shot Blocked by Ryan Whitney.
12:04 of 1st period - Off-side.
12:05 of 1st period - Sidney Crosby wins face-off versus David Krejci in neutral zone.
12:30 of 1st period - Jason Pominville is hit by Jaden Schwartz and loses puck.
12:35 of 1st period - Slapshot by Phil Kessel.
12:35 of 1st period - Stopped by Tuukka Rask with a rebound.
12:37 of 1st period - Wrist shot by Jaden Schwartz.
12:37 of 1st period - Deflect By Phil Kessel.
12:37 of 1st period - Stopped by Tuukka Rask without a rebound.
12:38 of 1st period - Joe Thornton wins face-off versus Sidney Crosby in Capitals zone.
12:47 of 1st period - Brent Burns is hit by Ryan Whitney and loses puck.
13:17 of 1st period - Gilbert Brule is hit by Duncan Keith and loses puck.
13:52 of 1st period - Wrist shot by Viktor Arvidsson.
13:52 of 1st period - Shot Misses the Net.
13:54 of 1st period - Snap shot by Tyler Cuma.
13:54 of 1st period - Stopped by Tuukka Rask without a rebound.
13:55 of 1st period - Joe Thornton wins face-off versus Artemi Panarin in Capitals zone.
15:12 of 1st period - Mike Cammalleri is hit by Sidney Crosby and loses puck.
16:04 of 1st period - Joe Thornton is hit by Darroll Powe and loses puck.
16:09 of 1st period - Wrist shot by Kellan Lain.
16:09 of 1st period - Deflect By Darroll Powe.
16:09 of 1st period - Stopped by Tuukka Rask with a rebound.
16:11 of 1st period - Wrist shot by Kellan Lain.
16:11 of 1st period - Stopped by Tuukka Rask with a rebound.
16:15 of 1st period - Slapshot by Kellan Lain.
16:15 of 1st period - Stopped by Tuukka Rask with a rebound.
16:17 of 1st period - Wrist shot by Darroll Powe.
16:17 of 1st period - Stopped by Tuukka Rask without a rebound.
16:18 of 1st period - Sidney Crosby wins face-off versus Mikko Koivu in Capitals zone.
16:21 of 1st period - Slapshot by Sidney Crosby.
16:21 of 1st period - Stopped by Tuukka Rask with a rebound.
17:27 of 1st period - Victor Hedman is hit by Tyler Bozak and loses puck.
18:46 of 1st period - Slapshot by Tobias Enstrom.
18:46 of 1st period - Stopped by Tuukka Rask without a rebound.
18:47 of 1st period - David Krejci wins face-off versus Tyler Bozak in Capitals zone.
19:43 of 1st period - Slapshot by Sami Lepisto.
19:43 of 1st period - Stopped by Tuukka Rask with a rebound.
Goals for this period are 0 for Devils vs 0 for Capitals.
Shots for this period are 13 for Devils vs 4 for Capitals.
2nd period
0:01 of 2nd period - Sidney Crosby wins face-off versus Linus Omark in neutral zone.
0:32 of 2nd period - Slapshot by Mikko Koivu.
0:32 of 2nd period - Shot Misses the Net.
0:36 of 2nd period - Wrist shot by Mikko Koivu.
0:36 of 2nd period - Stopped by Keith Kinkaid with a rebound.
0:38 of 2nd period - Snap shot by Matt Carle.
0:38 of 2nd period - Shot Blocked by Travis Hamonic.
0:58 of 2nd period - Snap shot by Phil Kessel.
0:58 of 2nd period - Deflect By Gilbert Brule.
0:58 of 2nd period - Stopped by Tuukka Rask with a rebound.
1:07 of 2nd period - Icing by Joe Pavelski.
1:08 of 2nd period - Darroll Powe wins face-off versus Joe Thornton in Capitals zone.
1:11 of 2nd period - Snap shot by Kellan Lain.
1:11 of 2nd period - Shot Misses the Net.
1:28 of 2nd period - Icing by Phil Kessel.
1:29 of 2nd period - Gilbert Brule wins face-off versus Ryan Getzlaf in Devils zone.
1:36 of 2nd period - Wrist shot by Phil Kessel.
1:36 of 2nd period - Stopped by Tuukka Rask without a rebound.
1:37 of 2nd period - Ryan Getzlaf wins face-off versus Sidney Crosby in Capitals zone.
1:48 of 2nd period - Brent Burns is hit by Sidney Crosby and loses puck.
3:25 of 2nd period - Wrist shot by Joe Pavelski.
3:25 of 2nd period - Shot Blocked by Travis Hamonic.
3:33 of 2nd period - Tyler Cuma is hit by Joe Pavelski and loses puck.
3:50 of 2nd period - Wrist shot by Phil Kessel.
3:50 of 2nd period - Stopped by Tuukka Rask with a rebound.
3:52 of 2nd period - Wrist shot by Gilbert Brule.
3:52 of 2nd period - Shot Blocked by Duncan Keith.
3:54 of 2nd period - Wrist shot by Jaden Schwartz.
3:54 of 2nd period - Shot Misses the Net.
4:00 of 2nd period - Slapshot by Gilbert Brule.
4:00 of 2nd period - Goal by Gilbert Brule - Devils : 1 - Capitals : 0.
4:01 of 2nd period - Sidney Crosby wins face-off versus Joe Thornton in neutral zone.
4:28 of 2nd period - Tobias Enstrom is hit by Blake Wheeler and loses puck.
4:37 of 2nd period - Blake Wheeler is hit by Kellan Lain and loses puck.
4:48 of 2nd period - Brandon Bollig is hit by David Krejci and loses puck.
4:57 of 2nd period - Benn Ferriero is hit by Tyler Bozak and loses puck.
5:07 of 2nd period - Icing by Jason Pominville.
5:08 of 2nd period - Joe Thornton wins face-off versus Sidney Crosby in Capitals zone.
6:04 of 2nd period - Tobias Enstrom is hit by Dan Girardi and loses puck.
6:37 of 2nd period - Snap shot by Artemi Panarin.
6:37 of 2nd period - Shot Blocked by Dan Girardi.
6:39 of 2nd period - Wrist shot by Artemi Panarin.
6:39 of 2nd period - Stopped by Tuukka Rask without a rebound.
6:40 of 2nd period - Darroll Powe wins face-off versus Joe Thornton in Capitals zone.
7:05 of 2nd period - David Krejci is hit by Artemi Panarin and loses puck.
7:37 of 2nd period - Ryan Whitney is hit by Brent Burns.
7:53 of 2nd period - Wrist shot by Darroll Powe.
7:53 of 2nd period - Shot Blocked by Ryan Getzlaf.
7:55 of 2nd period - Snap shot by Anthony Stewart.
7:55 of 2nd period - Shot Blocked by Victor Hedman.
8:05 of 2nd period - Artemi Panarin is hit by Jason Pominville and loses puck.
8:20 of 2nd period - Snap shot by Tyler Bozak.
8:20 of 2nd period - Stopped by Tuukka Rask without a rebound.
8:21 of 2nd period - Tyler Bozak wins face-off versus David Krejci in Capitals zone.
8:30 of 2nd period - Slapshot by Travis Hamonic.
8:30 of 2nd period - Shot Misses the Net.
8:32 of 2nd period - Slapshot by Tyler Cuma.
8:32 of 2nd period - Shot Misses the Net.
8:34 of 2nd period - Wrist shot by Alexander Perezhogin.
8:34 of 2nd period - Stopped by Tuukka Rask without a rebound.
8:35 of 2nd period - Sidney Crosby wins face-off versus Joe Thornton in Capitals zone.
8:52 of 2nd period - Wrist shot by Jason Pominville.
8:52 of 2nd period - Deflect By Joe Thornton.
8:52 of 2nd period - Shot Blocked by Artemi Panarin.
8:52 of 2nd period - Puck is out of play.
8:53 of 2nd period - Darroll Powe wins face-off versus Mikko Koivu in Devils zone.
9:25 of 2nd period - Tobias Enstrom is hit by Matt Carle.
10:00 of 2nd period - Icing by Ryan Whitney.
10:01 of 2nd period - Tyler Bozak wins face-off versus David Krejci in Devils zone.
10:06 of 2nd period - Slapshot by Sami Lepisto.
10:06 of 2nd period - Goal by Sami Lepisto - Devils : 2 - Capitals : 0.
10:07 of 2nd period - Sidney Crosby wins face-off versus Joe Thornton in neutral zone.
10:16 of 2nd period - Wrist shot by Sidney Crosby.
10:16 of 2nd period - Shot Misses the Net.
10:38 of 2nd period - Off-side.
10:39 of 2nd period - Viktor Arvidsson wins face-off versus Ryan Getzlaf in neutral zone.
10:42 of 2nd period - Wrist shot by Sidney Crosby.
10:42 of 2nd period - Stopped by Tuukka Rask with a rebound.
11:04 of 2nd period - Kellan Lain is hit by Jason Pominville and loses puck.
11:33 of 2nd period - Snap shot by Mikko Koivu.
11:33 of 2nd period - Shot Blocked by Dmitry Kulikov.
11:35 of 2nd period - Snap shot by Blake Wheeler.
11:35 of 2nd period - Stopped by Keith Kinkaid with a rebound.
11:37 of 2nd period - Slapshot by Mikko Koivu.
11:37 of 2nd period - Shot Misses the Net.
12:06 of 2nd period - Joey Ryan is hit by Viktor Arvidsson and loses puck.
12:13 of 2nd period - Minor Penalty to Joe Pavelski for High sticking.
12:14 of 2nd period - Jason Pominville wins face-off versus Sidney Crosby in Capitals zone.
12:25 of 2nd period - Jason Pominville is hit by Sami Lepisto and loses puck.
13:14 of 2nd period - Jason Pominville is hit by Gilbert Brule and loses puck.
13:29 of 2nd period - Slapshot by Ondrej Palat.
13:29 of 2nd period - Shot Misses the Net.
13:39 of 2nd period - Duncan Keith is hit by Artemi Panarin and loses puck.
14:00 of 2nd period - Sami Lepisto is hit by Mike Cammalleri and loses puck.
14:13 of 2nd period - Penalty to Joe Pavelski is over, Joe Pavelski is back on ice.
14:17 of 2nd period - Slapshot by Brent Burns.
14:17 of 2nd period - Stopped by Keith Kinkaid without a rebound.
14:18 of 2nd period - Ryan Getzlaf wins face-off versus Darroll Powe in Devils zone.
14:25 of 2nd period - Wrist shot by Darroll Powe.
14:25 of 2nd period - Goal by Darroll Powe - Devils : 3 - Capitals : 0.
14:26 of 2nd period - Sidney Crosby wins face-off versus Joe Thornton in neutral zone.
14:33 of 2nd period - Snap shot by Viktor Arvidsson.
14:33 of 2nd period - Shot Blocked by Brent Burns.
15:03 of 2nd period - Snap shot by Darroll Powe.
15:03 of 2nd period - Stopped by Tuukka Rask with a rebound.
15:17 of 2nd period - Wrist shot by Mikko Koivu.
15:17 of 2nd period - Shot Misses the Net.
15:27 of 2nd period - Snap shot by Ryan Getzlaf.
15:27 of 2nd period - Goal by Ryan Getzlaf - Devils : 3 - Capitals : 1.
15:28 of 2nd period - Joe Thornton wins face-off versus Sidney Crosby in neutral zone.
15:43 of 2nd period - Snap shot by Joe Thornton.
15:43 of 2nd period - Stopped by Keith Kinkaid with a rebound.
15:45 of 2nd period - Wrist shot by Jason Pominville.
15:45 of 2nd period - Goal by Jason Pominville - Devils : 3 - Capitals : 2.
15:46 of 2nd period - Jason Pominville wins face-off versus Sidney Crosby in neutral zone.
16:16 of 2nd period - Slapshot by Dmitry Kulikov.
16:16 of 2nd period - Stopped by Tuukka Rask with a rebound.
16:42 of 2nd period - Off-side.
16:43 of 2nd period - Sidney Crosby wins face-off versus Joe Thornton in neutral zone.
16:50 of 2nd period - Snap shot by Viktor Arvidsson.
16:50 of 2nd period - Deflect By Sidney Crosby.
16:50 of 2nd period - Shot Misses the Net.
16:50 of 2nd period - Puck is out of play.
16:51 of 2nd period - Joe Thornton wins face-off versus Sidney Crosby in Capitals zone.
16:51 of 2nd period - Joe Thornton is hit by Sidney Crosby.
17:05 of 2nd period - Travis Hamonic is hit by Duncan Keith and loses puck.
17:20 of 2nd period - Wrist shot by Viktor Arvidsson.
17:20 of 2nd period - Shot Misses the Net.
17:29 of 2nd period - Wrist shot by Viktor Arvidsson.
17:29 of 2nd period - Shot Blocked by Linus Omark.
17:33 of 2nd period - Snap shot by Sidney Crosby.
17:33 of 2nd period - Deflect By Viktor Arvidsson.
17:33 of 2nd period - Shot Blocked by Joe Thornton.
17:33 of 2nd period - Puck is out of play.
17:34 of 2nd period - Ryan Getzlaf wins face-off versus Gilbert Brule in Capitals zone.
17:46 of 2nd period - Icing by Tobias Enstrom.
17:47 of 2nd period - Ryan Getzlaf wins face-off versus Gilbert Brule in Devils zone.
18:35 of 2nd period - Snap shot by Joe Pavelski.
18:35 of 2nd period - Shot Misses the Net.
19:09 of 2nd period - Dmitry Kulikov is hit by Ryan Getzlaf and loses puck.
19:54 of 2nd period - Wrist shot by Phil Kessel.
19:54 of 2nd period - Stopped by Tuukka Rask without a rebound.
19:55 of 2nd period - Joe Thornton wins face-off versus Sidney Crosby in Capitals zone.
Goals for this period are 3 for Devils vs 2 for Capitals.
Shots for this period are 13 for Devils vs 6 for Capitals.
3rd period
0:01 of 3rd period - Joe Thornton wins face-off versus Sidney Crosby in neutral zone.
0:07 of 3rd period - Icing by Travis Hamonic.
0:08 of 3rd period - Sidney Crosby wins face-off versus Joe Thornton in Devils zone.
0:13 of 3rd period - Travis Hamonic is hit by Jason Pominville and loses puck.
1:17 of 3rd period - Wrist shot by Sidney Crosby.
1:17 of 3rd period - Deflect By Artemi Panarin.
1:17 of 3rd period - Shot Misses the Net.
1:17 of 3rd period - Puck is out of play.
1:18 of 3rd period - Kellan Lain wins face-off versus Mikko Koivu in Capitals zone.
1:25 of 3rd period - Wrist shot by Darroll Powe.
1:25 of 3rd period - Stopped by Tuukka Rask with a rebound.
1:43 of 3rd period - Ryan Whitney is hit by Joe Pavelski and loses puck.
1:50 of 3rd period - Snap shot by Ryan Getzlaf.
1:50 of 3rd period - Deflect By Mike Cammalleri.
1:50 of 3rd period - Stopped by Keith Kinkaid without a rebound.
1:51 of 3rd period - Darroll Powe wins face-off versus Ryan Getzlaf in Devils zone.
2:00 of 3rd period - Slapshot by Tobias Enstrom.
2:00 of 3rd period - Stopped by Tuukka Rask with a rebound.
2:02 of 3rd period - Wrist shot by Anthony Stewart.
2:02 of 3rd period - Stopped by Tuukka Rask without a rebound.
2:03 of 3rd period - Mikko Koivu wins face-off versus Darroll Powe in Capitals zone.
2:07 of 3rd period - Off-side.
2:08 of 3rd period - Mikko Koivu wins face-off versus Darroll Powe in neutral zone.
2:13 of 3rd period - Snap shot by Ondrej Palat.
2:13 of 3rd period - Goal by Ondrej Palat - Devils : 3 - Capitals : 3.
2:14 of 3rd period - Sidney Crosby wins face-off versus Joe Thornton in neutral zone.
2:21 of 3rd period - Wrist shot by Artemi Panarin.
2:21 of 3rd period - Deflect By Viktor Arvidsson.
2:21 of 3rd period - Shot Blocked by Linus Omark.
2:21 of 3rd period - Puck is out of play.
2:22 of 3rd period - Joe Thornton wins face-off versus Viktor Arvidsson in Capitals zone.
2:44 of 3rd period - Icing by Joe Thornton.
2:45 of 3rd period - Darroll Powe wins face-off versus Blake Wheeler in Capitals zone.
3:10 of 3rd period - Victor Hedman is hit by Artemi Panarin and loses puck.
3:19 of 3rd period - Snap shot by Viktor Arvidsson.
3:19 of 3rd period - Shot Misses the Net.
3:21 of 3rd period - Wrist shot by Artemi Panarin.
3:21 of 3rd period - Goal by Artemi Panarin - Devils : 4 - Capitals : 3.
3:22 of 3rd period - Joe Thornton wins face-off versus Sidney Crosby in neutral zone.
3:25 of 3rd period - Wrist shot by Jason Pominville.
3:25 of 3rd period - Shot Blocked by Travis Hamonic.
3:27 of 3rd period - Slapshot by Joe Thornton.
3:27 of 3rd period - Stopped by Keith Kinkaid with a rebound.
3:55 of 3rd period - Wrist shot by Kellan Lain.
3:55 of 3rd period - Shot Misses the Net.
4:00 of 3rd period - Duncan Keith is hit by Travis Hamonic.
4:38 of 3rd period - Wrist shot by Brandon Bollig.
4:38 of 3rd period - Shot Hit the Post.
4:40 of 3rd period - Snap shot by Travis Hamonic.
4:40 of 3rd period - Stopped by Tuukka Rask with a rebound.
4:52 of 3rd period - Dmitry Kulikov is hit by Matt Carle and loses puck.
5:11 of 3rd period - Ondrej Palat is hit by Dmitry Kulikov and loses puck.
5:18 of 3rd period - Wrist shot by Darroll Powe.
5:18 of 3rd period - Shot Blocked by Dan Girardi.
5:22 of 3rd period - Slapshot by Kellan Lain.
5:22 of 3rd period - Shot Misses the Net.
5:24 of 3rd period - Wrist shot by Sami Lepisto.
5:24 of 3rd period - Stopped by Tuukka Rask with a rebound.
6:05 of 3rd period - Linus Omark is hit by Brandon Bollig and loses puck.
6:30 of 3rd period - Benn Ferriero is hit by Sidney Crosby and loses puck.
6:38 of 3rd period - Icing by Dan Girardi.
6:39 of 3rd period - Darroll Powe wins face-off versus Mikko Koivu in Capitals zone.
6:40 of 3rd period - Snap shot by Kellan Lain.
6:40 of 3rd period - Shot Blocked by Joey Ryan.
7:52 of 3rd period - Snap shot by Benn Ferriero.
7:52 of 3rd period - Stopped by Keith Kinkaid with a rebound.
7:54 of 3rd period - Slapshot by Scott Parse.
7:54 of 3rd period - Stopped by Keith Kinkaid without a rebound.
7:55 of 3rd period - Joe Thornton wins face-off versus Sidney Crosby in Devils zone.
8:10 of 3rd period - Snap shot by Artemi Panarin.
8:10 of 3rd period - Shot Blocked by Brent Burns.
8:20 of 3rd period - Jaden Schwartz is hit by Mikko Koivu and loses puck.
9:02 of 3rd period - Wrist shot by David Krejci.
9:02 of 3rd period - Deflect By Alexander Perezhogin.
9:02 of 3rd period - Shot Blocked by Brandon Bollig.
9:02 of 3rd period - Puck is out of play.
9:03 of 3rd period - David Krejci wins face-off versus Alexander Perezhogin in Devils zone.
9:04 of 3rd period - Wrist shot by Scott Parse.
9:04 of 3rd period - Shot Misses the Net.
9:06 of 3rd period - Slapshot by Matt Carle.
9:06 of 3rd period - Deflect By David Krejci.
9:06 of 3rd period - Shot Misses the Net.
9:06 of 3rd period - Puck is out of play.
9:07 of 3rd period - David Krejci wins face-off versus Sidney Crosby in Devils zone.
9:12 of 3rd period - Slapshot by Scott Parse.
9:12 of 3rd period - Stopped by Keith Kinkaid with a rebound.
9:58 of 3rd period - Snap shot by Mikko Koivu.
9:58 of 3rd period - Stopped by Keith Kinkaid with a rebound.
10:00 of 3rd period - Backhand shot by Mikko Koivu.
10:00 of 3rd period - Deflect By Ondrej Palat.
10:00 of 3rd period - Stopped by Keith Kinkaid with a rebound.
10:02 of 3rd period - Snap shot by Blake Wheeler.
10:02 of 3rd period - Stopped by Keith Kinkaid without a rebound.
10:03 of 3rd period - Mikko Koivu wins face-off versus Sidney Crosby in Devils zone.
10:04 of 3rd period - Snap shot by Ondrej Palat.
10:04 of 3rd period - Stopped by Keith Kinkaid without a rebound.
10:05 of 3rd period - Mikko Koivu wins face-off versus Sidney Crosby in Devils zone.
10:06 of 3rd period - Snap shot by Blake Wheeler.
10:06 of 3rd period - Goal by Blake Wheeler - Devils : 4 - Capitals : 4.
10:07 of 3rd period - Joe Thornton wins face-off versus Sidney Crosby in neutral zone.
10:37 of 3rd period - Slapshot by Victor Hedman.
10:37 of 3rd period - Stopped by Keith Kinkaid with a rebound.
11:22 of 3rd period - Wrist shot by Viktor Arvidsson.
11:22 of 3rd period - Shot Misses the Net.
11:24 of 3rd period - Snap shot by Ryan Whitney.
11:24 of 3rd period - Stopped by Tuukka Rask with a rebound.
11:26 of 3rd period - Slapshot by Sami Lepisto.
11:26 of 3rd period - Shot Blocked by Joey Ryan.
11:28 of 3rd period - Snap shot by Viktor Arvidsson.
11:28 of 3rd period - Shot Misses the Net.
11:30 of 3rd period - Slapshot by Sami Lepisto.
11:30 of 3rd period - Deflect By Artemi Panarin.
11:30 of 3rd period - Stopped by Tuukka Rask with a rebound.
11:36 of 3rd period - Minor Penalty to Joey Ryan for Slashing.
11:37 of 3rd period - Sidney Crosby wins face-off versus Jason Pominville in Capitals zone.
11:42 of 3rd period - Snap shot by Viktor Arvidsson.
11:42 of 3rd period - Stopped by Tuukka Rask with a rebound.
12:28 of 3rd period - Slapshot by Blake Wheeler.
12:28 of 3rd period - Shot Blocked by Viktor Arvidsson.
12:30 of 3rd period - Snap shot by Blake Wheeler.
12:30 of 3rd period - Stopped by Keith Kinkaid without a rebound.
12:31 of 3rd period - Jason Pominville wins face-off versus Sidney Crosby in Devils zone.
13:04 of 3rd period - Snap shot by Joe Pavelski.
13:04 of 3rd period - Shot Blocked by Tobias Enstrom.
13:36 of 3rd period - Penalty to Joey Ryan is over, Joey Ryan is back on ice.
13:37 of 3rd period - Icing by Ondrej Palat.
13:38 of 3rd period - Joe Pavelski wins face-off versus Gilbert Brule in Capitals zone.
13:51 of 3rd period - Slapshot by Blake Wheeler.
13:51 of 3rd period - Stopped by Keith Kinkaid without a rebound.
13:52 of 3rd period - Joe Thornton wins face-off versus Sidney Crosby in Devils zone.
13:53 of 3rd period - Wrist shot by Jason Pominville.
13:53 of 3rd period - Deflect By Joe Thornton.
13:53 of 3rd period - Stopped by Keith Kinkaid without a rebound.
13:54 of 3rd period - Joe Thornton wins face-off versus Sidney Crosby in Devils zone.
14:26 of 3rd period - Icing by Duncan Keith.
14:27 of 3rd period - Ryan Getzlaf wins face-off versus Sidney Crosby in Capitals zone.
14:56 of 3rd period - Snap shot by Mike Cammalleri.
14:56 of 3rd period - Shot Misses the Net.
16:13 of 3rd period - Slapshot by Brent Burns.
16:13 of 3rd period - Shot Misses the Net.
16:15 of 3rd period - Wrist shot by Mike Cammalleri.
16:15 of 3rd period - Stopped by Keith Kinkaid without a rebound.
16:16 of 3rd period - Darroll Powe wins face-off versus Mikko Koivu in Devils zone.
16:39 of 3rd period - Minor Penalty to Kellan Lain for Delaying the game.
16:40 of 3rd period - Gilbert Brule wins face-off versus Mikko Koivu in Devils zone.
16:40 of 3rd period - Gilbert Brule is hit by Matt Carle.
16:54 of 3rd period - Wrist shot by Anthony Stewart.
16:54 of 3rd period - Shot Misses the Net.
17:17 of 3rd period - Gilbert Brule is hit by Mikko Koivu and loses puck.
18:39 of 3rd period - Penalty to Kellan Lain is over, Kellan Lain is back on ice.
18:52 of 3rd period - Kellan Lain is hit by Duncan Keith and loses puck.
Goals for this period are 1 for Devils vs 2 for Capitals.
Shots for this period are 9 for Devils vs 16 for Capitals.
Overtime #1
0:01 of 1st overtime period - Jason Pominville wins face-off versus Gilbert Brule in neutral zone.
0:04 of 1st overtime period - Gilbert Brule is hit by Brent Burns and loses puck.
0:51 of 1st overtime period - Slapshot by Artemi Panarin.
0:51 of 1st overtime period - Shot Misses the Net.
0:53 of 1st overtime period - Slapshot by Travis Hamonic.
0:53 of 1st overtime period - Shot Misses the Net.
0:55 of 1st overtime period - Snap shot by Travis Hamonic.
0:55 of 1st overtime period - Shot Blocked by Matt Carle.
1:30 of 1st overtime period - David Krejci is hit by Kellan Lain and loses puck.
2:47 of 1st overtime period - Duncan Keith is hit by Kellan Lain and loses puck.
3:02 of 1st overtime period - Joe Pavelski is hit by Anthony Stewart and loses puck.
3:59 of 1st overtime period - Sami Lepisto is hit by Joey Ryan and loses puck.
4:44 of 1st overtime period - Victor Hedman is hit by Kellan Lain and loses puck.
Goals for this period are 0 for Devils vs 0 for Capitals.
Shots for this period are 0 for Devils vs 0 for Capitals.
ShootOut
5:00 of 1st overtime period - Round #1.
5:00 of 1st overtime period - Devils, Sidney Crosby.
5:00 of 1st overtime period - Deke by Sidney Crosby.
5:00 of 1st overtime period - Stopped by Tuukka Rask.
5:00 of 1st overtime period - Capitals, Jason Pominville.
5:00 of 1st overtime period - Deke by Jason Pominville.
5:00 of 1st overtime period - Goal by Jason Pominville.
5:00 of 1st overtime period - Round #2.
5:00 of 1st overtime period - Devils, Artemi Panarin.
5:00 of 1st overtime period - Wrist shot by Artemi Panarin.
5:00 of 1st overtime period - Shot Misses the Net.
5:00 of 1st overtime period - Capitals, Joe Thornton.
5:00 of 1st overtime period - Backhand shot by Joe Thornton.
5:00 of 1st overtime period - Goal by Joe Thornton.
5:00 of 1st overtime period - Round #3.
Back to the Top